Map: Simulacrum LE

Players

ShoWTimE

  • Race: Protoss Protoss
  • Spawn Location: 5:00

cure - Winner!

  • Race: Terran Terran
  • Spawn Location: 11:00

Event: StayAtHomestory Cup #1

VOD

Have the link to the VOD?

Description

Time

  • Played on: April 10, 2020, 6:47 a.m.
  • Length: 9:16

All games in this series

Show
View Real Time Build Order
Export as new Build Order

ShoWTimE Protoss 

Build Orders: 1 Gate Expand, Blink Stalkers 

Get SALT Encoding   

  12  0:00  Probe  
  13  0:12  Probe  
  14  0:17  Pylon  
  14  0:25  Probe (Chrono Boost)  
  15  0:36  Gateway  
  15  0:37  Probe (Chrono Boost)  
  16  0:44  Probe (Chrono Boost)  
  16  0:46  Assimilator  
  17  0:51  Probe  
  18  1:03  Probe  
  19  1:15  Probe  
  20  1:23  Cybernetics Core  
  20  1:34  Nexus  
  20  1:36  Probe  
  21  1:44  Pylon  
  21  1:48  Probe  
  21  1:50  Assimilator  
  22  1:59  Adept (Chrono Boost)  
  22  2:00  Probe  
  23  2:03  Warp Gate  
  25  2:12  Probe  
  26  2:20  Stalker (Chrono Boost)  
  28  2:24  Probe  
  29  2:37  Probe  
  30  2:40  Twilight Council  
  30  2:45  Stalker  
  30  2:48  Probe (Chrono Boost)  
  34  2:54  Probe (Chrono Boost)  
  34  2:58  Probe (Chrono Boost)  
  35  3:02  Probe (Chrono Boost)  
  35  3:03  Probe (Chrono Boost), Gateway  
  37  3:13  Probe  
  37  3:14  Probe, Blink (Chrono Boost)  
  39  3:25  Probe  
  39  3:26  Probe  
  41  3:31  Robotics Facility  
  41  3:37  Probe  
  41  3:38  Probe  
  41  3:39  Pylon  
  43  3:50  Nexus  
  43  3:55  Sentry  
  45  3:58  Probe, Pylon  
  45  3:59  Probe  
  47  4:03  Stalker  
  47  4:07  Assimilator  
  49  4:10  Probe  
  49  4:11  Probe  
  49  4:16  Phoenix  
  51  4:17  Gateway  
  51  4:19  Observer  
  51  4:21  Stalker  
  54  4:24  Probe, Pylon  
  54  4:27  Probe  
  56  4:32  Stalker  
  56  4:36  Probe  
  59  4:39  Probe, Pylon  
  59  4:45  Stalker  
  59  4:48  Probe  
  59  4:51  Probe  
  62  5:00  Probe  
  62  5:03  Probe  
  62  5:05  Observer  
  65  5:10  Charge, Gateway  
  65  5:13  Probe  
  66  5:15  Probe x2  
  66  5:17  Gateway  
  68  5:23  Immortal (Chrono Boost)  
  68  5:24  Gateway  
  74  5:32  Gateway  
  72  5:35  Sentry  
  72  5:37  Gateway  
  72  5:38  Probe  
  72  5:42  Zealot x2  
  79  5:59  Stalker  
  79  6:01  Pylon  
  81  6:06  Stalker x3  
  86  6:11  Probe  
  86  6:12  Probe  
  86  6:17  Probe  
  88  6:22  Forge  
  88  6:23  Probe (Chrono Boost)  
  88  6:25  Probe (Chrono Boost)  
  90  6:30  Probe (Chrono Boost)  
  91  6:35  Phoenix, Probe (Chrono Boost)  
  91  6:37  Probe (Chrono Boost)  
  94  6:40  Probe (Chrono Boost)  
  94  6:42  Probe (Chrono Boost)  
  94  6:43  Probe (Chrono Boost)  
  94  6:45  Probe (Chrono Boost), Forge  
  97  6:48  Zealot x2  
  97  6:50  Probe  
  101  6:54  Assimilator  
  101  6:56  Pylon  
  101  6:58  Assimilator  
  101  7:00  Templar Archives  
  101  7:07  Pylon  
  101  7:08  Protoss Ground Armor Level 1 (Chrono Boost)  
  101  7:10  Psionic Storm  
  101  7:14  Probe x3, Assimilator  
  104  7:15  Pylon  
  104  7:16  Protoss Ground Weapons Level 1 (Chrono Boost)  
  104  7:18  Pylon  
  104  7:26  Probe x3  
  104  7:29  Pylon  
  107  7:37  High Templar x2, Warp Prism  
  107  7:38  Probe  
  107  7:40  Zealot x6  
  126  7:51  Observer  
  126  7:57  Gateway  
  126  8:00  Gateway  
  126  8:01  Pylon  
  126  8:04  High Templar x2  
  130  8:09  Zealot x3  
  134  8:13  Nexus  
  134  8:18  Zealot x3  
  140  8:22  Pylon  
  140  8:24  Pylon  
  140  8:29  Zealot  
  140  8:33  Pylon  
  142  8:34  Pylon  
  142  8:39  Zealot x4  
  148  8:46  Zealot x2  
  104  8:49  High Templar  
  104  8:52  Zealot  
  98  8:57  Zealot  
  98  9:01  Zealot  
  98  9:02  Zealot  
  94  9:06  Zealot x2  
Show
View Real Time Build Order
Export as new Build Order

cure Terran - Winner!

Build Orders: Reaper Expand 

Get SALT Encoding   

  12  0:00  SCV  
  13  0:13  SCV  
  14  0:17  Supply Depot  
  14  0:25  SCV  
  15  0:38  SCV  
  15  0:40  Barracks  
  16  0:43  Refinery  
  16  0:50  SCV  
  17  1:03  SCV  
  18  1:15  SCV  
  19  1:27  Orbital Command, Reaper  
  20  1:44  Command Center  
  20  1:50  Supply Depot  
  20  1:55  SCV  
  20  1:59  Marine  
  22  2:07  SCV  
  23  2:11  Factory  
  23  2:18  Refinery  
  23  2:19  SCV  
  23  2:21  Barracks Reactor  
  24  2:31  SCV  
  24  2:35  Barracks  
  25  2:43  SCV  
  26  2:54  Factory Tech Lab  
  26  2:55  SCV  
  26  2:57  Orbital Command  
  26  2:58  Marine x2  
  29  3:08  SCV  
  30  3:17  Marine x2  
  34  3:20  SCV  
  34  3:23  Barracks Tech Lab  
  34  3:24  SCV  
  34  3:26  Siege Tank  
  36  3:33  SCV  
  37  3:36  SCV  
  37  3:37  Supply Depot  
  37  3:39  Marine x2  
  40  3:43  Marine  
  40  3:46  SCV, Stimpack  
  43  3:48  SCV  
  43  3:58  SCV  
  43  4:00  SCV  
  45  4:03  Marauder  
  45  4:04  Starport  
  45  4:05  Supply Depot  
  45  4:07  Marine x2  
  45  4:08  Factory Reactor  
  49  4:11  SCV  
  50  4:17  Supply Depot  
  50  4:22  SCV  
  50  4:23  SCV, Engineering Bay  
  52  4:27  Marine x2, Marauder  
  56  4:34  SCV, Supply Depot  
  56  4:35  SCV  
  58  4:43  Medivac  
  58  4:44  Widow Mine x2  
  64  4:52  SCV x2  
  66  4:53  Marine x2  
  66  4:54  Marauder  
  66  4:55  Terran Infantry Weapons Level 1  
  66  4:59  Refinery  
  69  5:02  Supply Depot  
  69  5:08  Barracks  
  69  5:10  SCV x2  
  71  5:16  Marine  
  71  5:17  Marine, Marauder  
  75  5:21  Supply Depot  
  75  5:22  SCV  
  75  5:23  SCV  
  75  5:25  Factory Reactor  
  75  5:29  Medivac  
  77  5:35  Marine x2  
  77  5:38  Marauder  
  77  5:41  Combat Shield  
  81  5:49  SCV x2  
  82  5:50  Command Center  
  80  5:59  Concussive Shells, Marauder  
  80  6:00  Marine x2, Marauder  
  80  6:02  SCV x2  
  88  6:09  Medivac  
  88  6:10  Widow Mine  
  91  6:14  SCV x2  
  93  6:20  Barracks  
  93  6:22  Barracks, Refinery  
  93  6:23  Supply Depot  
  93  6:25  Supply Depot  
  93  6:31  Widow Mine  
  93  6:32  Marine  
  93  6:35  Marauder  
  94  6:44  Marine  
  94  6:45  SCV, Medivac, Widow Mine, Marauder  
  94  6:46  SCV  
  95  6:51  Marine  
  94  6:56  Marauder  
  94  6:57  SCV, Terran Infantry Armor Level 1  
  94  6:58  SCV  
  94  6:59  Widow Mine  
  100  7:02  Marine  
  100  7:04  Orbital Command  
  100  7:06  Medivac, Widow Mine, Marauder  
  107  7:09  SCV, Barracks Tech Lab  
  107  7:11  SCV  
  107  7:13  Barracks Reactor  
  109  7:20  Marine x2, Marauder  
  109  7:22  SCV  
  114  7:23  SCV  
  114  7:28  Marauder  
  114  7:29  Supply Depot, Widow Mine, Marauder  
  121  7:30  Medivac  
  121  7:31  Supply Depot  
  121  7:33  SCV  
  121  7:34  SCV  
  125  7:42  Bunker  
  125  7:44  Armory  
  125  7:45  Engineering Bay  
  125  7:49  Supply Depot x2  
  125  7:50  SCV, Widow Mine  
  132  7:51  Marauder x2  
  132  7:52  Marine  
  132  7:53  Marauder  
  132  7:56  Marine x3  
  132  7:58  SCV x2  
  139  8:03  Supply Depot  
  140  8:08  SCV  
  140  8:10  SCV x2  
  141  8:16  Marine x4, Marauder  
  141  8:17  Marauder x2  
  151  8:20  Medivac, Widow Mine x2  
  151  8:24  Medivac  
  158  8:27  Supply Depot  
  158  8:29  Supply Depot  
  158  8:30  Supply Depot  
  158  8:31  Refinery  
  157  8:38  SCV x2  
  157  8:39  SCV  
  156  8:45  Marine x2  
  156  8:46  Marine x2, Marauder x3  
  156  8:47  Widow Mine  
  152  8:53  Widow Mine  
  148  9:02  Supply Depot  
  139  9:03  Refinery  
Tags
 
Add a new tag
Caveats
  • Supply blocks, unpowered buildings, or Contaminate may cause inaccurate times.
  • Supply counts are checked every 10 seconds.